 Dungeon Crawl Stone Soup version 0.31-a0-175-g9f7f995f2b (webtiles) character file.

Game seed: 13153594609195559201

847 qw the Shooter (level 8, 0/72 HPs)
             Began as a Naga Hunter on June 16, 2023.
             Shot with an arrow by a centaur (13 damage)
             ... on level 6 of the Dungeon.
             The game lasted 00:01:37 (4166 turns).

qw the Shooter (Naga Hunter)                        Turns: 4166, Time: 00:01:38

Health: 0/72       AC:  6    Str: 15    XL:     8   Next: 1%
Magic:  8/8        EV: 10    Int:  9    God:
Gold:   278        SH:  0    Dex: 16    Spells: 7/7 levels left

rFire   . . .        Y - +1 arbalest (freeze)
rCold   . . .        (shield currently unavailable)
rNeg    . . .        c - +0 leather armour
rPois   +            (no helmet)
rElec   .            h - +0 cloak
rCorr   +            k - +0 pair of gloves
SInv    +            (no barding)
Will    +....        a - amulet of regeneration
Stlth   ++           i - ring of resist corrosion
HPRegen 1.12/turn    (no ring)
MPRegen 0.11/turn

%: no passive effects
@: about to teleport, very slow
A: AC +2, large, see invisible, deformed body, poison resistance, slowness 2,
spit poison 1, naga tail 1
a: Spit Poison


You were on level 6 of the Dungeon.
You visited 2 branches of the dungeon, and saw 7 of its levels.

You collected 278 gold pieces.


Innate Abilities, Weirdness & Mutations

Your serpentine skin is tough. (AC +2)
You have supernaturally acute eyesight. (SInv)
Armour fits poorly on your strangely shaped body.
Your system is resistant to poisons. (rPois)
You cover ground very slowly.
You can spit poison.
You have a snake-like lower body.


   Skills:
 - Level 4.1 Fighting
 + Level 7.6 Ranged Weapons
 - Level 1.7 Armour
 - Level 2.1 Dodging
 - Level 1.5 Stealth


You had 7 spell levels left.
You didn't know any spells.
Your spell library was empty.

Inventory:

Hand Weapons
 Y - a +1 arbalest of freezing (weapon)
Armour
 c - a +0 leather armour (worn)
 h - a +0 cloak (worn)
 k - a +0 pair of gloves (worn)
Jewellery
 a - an amulet of regeneration (around neck)
 i - a ring of resist corrosion (left hand)
Scrolls
 d - 3 scrolls of teleportation
 f - 5 scrolls of identify
Potions
 e - a potion of cancellation

Dungeon Overview and Level Annotations

Branches:
Dungeon (6/15)             Temple (1/1) D:5

Altars:
Cheibriados
Dithmenos
Fedhas
Hepliaklqana
Kikubaaqudgha
Makhleb
Ru
Vehumet
Xom
Zin
The Shining One


Message History

4143 ||| READING scroll labelled MOAJ REXATEASM.
The air fills with toxic fumes!
As you read the scroll labelled MOAJ REXATEASM, it crumbles to dust.
It was a scroll of poison.
Done exploring.
(D) Dungeon (T) Temple
Where to? (* - list waypoints, Enter - D:5, ? - help)
What level of the Dungeon? (default 1, ? - help)
There is a stone staircase leading down here.
You climb downwards.
Found a wand of light (9).
Found two stone staircases leading down.
There is a stone staircase leading up here.
Waypoint 6 assigned to D:6.
A centaur comes into view.
You shoot a bolt.
The bolt hits the centaur but does no damage.
The centaur shouts!
The centaur wields a +1 shortbow of electrocution.
You hear the crackle of electricity.
The centaur shoots an arrow.
The arrow barely misses you.
The centaur shoots an arrow.
The arrow hits you but does no damage.
You are electrocuted!
You shoot a bolt. The bolt hits the centaur.
The bolt freezes the centaur.
The centaur is moderately wounded.
The centaur shoots an arrow.
The arrow hits you!
The centaur shoots an arrow.
The arrow closely misses you.
You shoot a bolt. The bolt hits the centaur!
The bolt freezes the centaur.
The centaur is severely wounded.
The centaur shoots an arrow.
The arrow hits you!
The centaur shoots an arrow.
The arrow hits you.
The centaur shoots an arrow.
The arrow closely misses you.
You shoot a bolt. The bolt hits the centaur.
The bolt freezes the centaur.
The centaur is almost dead.
The centaur shoots an arrow.
The arrow hits you!
You are electrocuted!
The centaur shoots an arrow.
The arrow barely misses you.
4166 ||| READING 4 scrolls of teleportation.
As you read the scroll of teleportation, it crumbles to dust.
You feel strangely unstable.
The centaur shoots an arrow.
The arrow hits you!
You die...

..# ..####
..#..#
#.....#
##.....
#...#
##<..#
#....#
##@.##
#....#
#..../>..
#>......##
..##...##
... #.##
.##. .. ..
c. ...


You could see a centaur.

Vanquished Creatures
  An ogre (D:4)
  An ice beast (D:5)
  A phantom (D:5)
  2 jellies
  2 orc priests
  2 hounds
  An iguana (D:5)
  Terence (D:3)
  5 orc wizards
  4 gnolls (D:5)
  9 adders
  A shadow imp (D:5)
  A white imp (D:5)
  4 worms
  2 dart slugs (D:1)
  19 orcs
  5 ball pythons
  6 endoplasms
  7 giant cockroaches
  4 hobgoblins
  A quokka (D:5)
  4 bats
  4 frilled lizards
  9 goblins
  10 kobolds
  5 rats (D:1)
111 creatures vanquished.

Notes
Turn   | Place    | Note
-------+----------+-------------------------------------------
     0 | D:1      | qw the Naga Hunter began the quest for the Orb.
     0 | D:1      | Reached XP level 1. HP: 19/19 MP: 1/1
     0 | D:1      | 0 ||| qw: Version: 0.2-a-29-g511e9b1
     0 | D:1      | 0 ||| qw: Game counter: 5753
     0 | D:1      | 0 ||| qw: Always use a shield: true
     0 | D:1      | 0 ||| qw: God list: Okawaru
     0 | D:1      | 0 ||| qw: Allow faded altars: false
     0 | D:1      | 0 ||| qw: Do Orc after D:15 true
     0 | D:1      | 0 ||| qw: Do second Lair branch before Depths: true
     0 | D:1      | 0 ||| qw: Lair rune preference: random
     0 | D:1      | 0 ||| qw: Plans: Normal
     0 | D:1      | 0 ||| PLANNING D:1-11
    61 | D:1      | 61 ||| INVOKING Spit Poison.
    65 | D:1      | 65 ||| INVOKING Spit Poison.
   131 | D:1      | 131 ||| INVOKING Spit Poison.
   133 | D:1      | Reached skill level 4 in Ranged Weapons
   133 | D:1      | Reached XP level 2. HP: 26/26 MP: 2/2
   213 | D:1      | 213 ||| INVOKING Spit Poison.
   228 | D:1      | 228 ||| INVOKING Spit Poison.
   234 | D:1      | 234 ||| INVOKING Spit Poison.
   264 | D:1      | 264 ||| INVOKING Spit Poison.
   269 | D:1      | 269 ||| INVOKING Spit Poison.
   290 | D:1      | 290 ||| INVOKING Spit Poison.
   296 | D:1      | 296 ||| INVOKING Spit Poison.
   534 | D:1      | 534 ||| INVOKING Spit Poison.
   537 | D:1      | 537 ||| INVOKING Spit Poison.
   538 | D:1      | Reached XP level 3. HP: 30/32 MP: 3/3
   576 | D:1      | 576 ||| INVOKING Spit Poison.
   617 | D:1      | 617 ||| UPGRADING to +0 cloak.
   622 | D:1      | 622 ||| UPGRADING to ring of resist corrosion.
   623 | D:1      | 623 ||| READING scroll labelled TEMOUPN CASAA.
   624 | D:1      | 624 ||| READING 3 scrolls labelled KISSIM SEDGHU.
   625 | D:1      | 625 ||| READING scroll labelled VYCUKI ZOMO QIXI.
   626 | D:1      | 626 ||| READING scroll labelled AHOCYIF DEIT.
   627 | D:1      | 627 ||| READING 2 scrolls of identify.
   627 | D:1      | 627 ||| IDENTIFYING murky clear potion
   628 | D:1      | 628 ||| DROPPING scroll of butterflies.
   638 | D:2      | 638 ||| INVOKING Spit Poison.
   661 | D:2      | 661 ||| INVOKING Spit Poison.
   669 | D:2      | 669 ||| INVOKING Spit Poison.
   673 | D:2      | 673 ||| INVOKING Spit Poison.
   702 | D:2      | 702 ||| INVOKING Spit Poison.
   902 | D:2      | 902 ||| INVOKING Spit Poison.
   996 | D:2      | 996 ||| INVOKING Spit Poison.
  1000 | D:2      | 1000 ||| INVOKING Spit Poison.
  1003 | D:2      | 1003 ||| INVOKING Spit Poison.
  1251 | D:2      | 1251 ||| INVOKING Spit Poison.
  1264 | D:2      | 1264 ||| INVOKING Spit Poison.
  1265 | D:2      | Reached skill level 5 in Ranged Weapons
  1323 | D:2      | 1323 ||| INVOKING Spit Poison.
  1325 | D:2      | Reached XP level 4. HP: 39/39 MP: 4/4
  1347 | D:2      | 1347 ||| UPGRADING to +0 pair of gloves.
  1352 | D:2      | 1352 ||| READING scroll labelled XUMNOTHRU GION.
  1353 | D:2      | 1353 ||| READING 3 scrolls labelled XAGUROEGAZ.
  1358 | D:2      | 1358 ||| READING scroll labelled LOPPAS GUEFF.
  1427 | D:2      | 1427 ||| DRINKING 2 inky potions.
  1428 | D:2      | 1428 ||| READING 8 scrolls of identify.
  1428 | D:2      | 1428 ||| IDENTIFYING glowing emerald potion
  1429 | D:2      | 1429 ||| READING 7 scrolls of identify.
  1429 | D:2      | 1429 ||| IDENTIFYING pink potion
  1430 | D:2      | 1430 ||| READING 6 scrolls of identify.
  1430 | D:2      | 1430 ||| IDENTIFYING clear potion
  1431 | D:2      | 1431 ||| DROPPING potion of invisibility.
  1432 | D:2      | 1432 ||| DROPPING potion of degeneration.
  1433 | D:2      | 1433 ||| DROPPING potion of brilliance.
  1434 | D:2      | 1434 ||| DROPPING potion of enlightenment.
  1484 | D:3      | 1484 ||| INVOKING Spit Poison.
  1594 | D:3      | 1594 ||| Stepping ~*~*~tactically~*~*~ (outnumbered).
  1595 | D:3      | 1595 ||| INVOKING Spit Poison.
  1598 | D:3      | 1598 ||| INVOKING Spit Poison.
  1602 | D:3      | 1602 ||| INVOKING Spit Poison.
  1705 | D:3      | 1705 ||| INVOKING Spit Poison.
  1737 | D:3      | 1737 ||| INVOKING Spit Poison.
  1749 | D:3      | Noticed Terence
  1750 | D:3      | 1750 ||| INVOKING Spit Poison.
  1756 | D:3      | 1756 ||| INVOKING Spit Poison.
  1759 | D:3      | Killed Terence
  1760 | D:3      | Reached skill level 3 in Fighting
  1760 | D:3      | Reached XP level 5. HP: 49/49 MP: 5/5
  1811 | D:3      | 1811 ||| INVOKING Spit Poison.
  1828 | D:3      | 1828 ||| INVOKING Spit Poison.
  1831 | D:3      | 1831 ||| INVOKING Spit Poison.
  1837 | D:3      | 1837 ||| INVOKING Spit Poison.
  1923 | D:3      | 1923 ||| INVOKING Spit Poison.
  1929 | D:3      | 1929 ||| INVOKING Spit Poison.
  1935 | D:3      | 1935 ||| INVOKING Spit Poison.
  1964 | D:3      | 1964 ||| INVOKING Spit Poison.
  1972 | D:3      | 1972 ||| INVOKING Spit Poison.
  2116 | D:3      | 2116 ||| INVOKING Spit Poison.
  2124 | D:3      | 2124 ||| INVOKING Spit Poison.
  2148 | D:3      | 2148 ||| INVOKING Spit Poison.
  2197 | D:3      | 2197 ||| INVOKING Spit Poison.
  2203 | D:3      | 2203 ||| INVOKING Spit Poison.
  2257 | D:3      | 2257 ||| INVOKING Spit Poison.
  2424 | D:3      | 2424 ||| READING scroll labelled FOUXTO SIXU.
  2424 | D:3      | Identified a scroll of acquirement
  2424 | D:3      | 2424 ||| ACQUIRING +1 arbalest of draining
  2424 | D:3      | Acquired a +1 arbalest of draining
  2426 | D:3      | 2426 ||| UPGRADING to +1 arbalest of draining.
  2427 | D:3      | 2427 ||| DROPPING +0 shortbow.
  2428 | D:3      | 2428 ||| READING 2 scrolls labelled UWEPIN YMIBRU.
  2429 | D:3      | 2429 ||| DROPPING scroll of fog.
  2468 | D:4      | 2468 ||| INVOKING Spit Poison.
  2496 | D:4      | 2496 ||| INVOKING Spit Poison.
  2516 | D:4      | Reached XP level 6. HP: 49/56 MP: 6/6
  2543 | D:4      | 2543 ||| INVOKING Spit Poison.
  2587 | D:4      | 2587 ||| INVOKING Spit Poison.
  2613 | D:4      | 2613 ||| INVOKING Spit Poison.
  2617 | D:4      | 2617 ||| INVOKING Spit Poison.
  2620 | D:4      | Reached skill level 6 in Ranged Weapons
  2621 | D:4      | 2621 ||| INVOKING Spit Poison.
  2678 | D:4      | 2678 ||| INVOKING Spit Poison.
  2681 | D:4      | 2681 ||| INVOKING Spit Poison.
  2687 | D:4      | 2687 ||| INVOKING Spit Poison.
  2712 | D:4      | 2712 ||| INVOKING Spit Poison.
  2745 | D:4      | Found a burning altar of Makhleb.
  3015 | D:4      | 3015 ||| INVOKING Spit Poison.
  3186 | D:4      | 3186 ||| UPGRADING to amulet of regeneration.
  3191 | D:4      | 3191 ||| READING scroll labelled COMUENT ROMU.
  3192 | D:4      | 3192 ||| READING scroll labelled XUOPHYBR NIK BADGH.
  3193 | D:4      | 3193 ||| READING scroll labelled EHYSCH GESSOCU.
  3194 | D:4      | 3194 ||| READING 6 scrolls of identify.
  3194 | D:4      | 3194 ||| IDENTIFYING glowing blue potion
  3195 | D:4      | 3195 ||| READING 5 scrolls of identify.
  3195 | D:4      | 3195 ||| IDENTIFYING metallic purple potion
  3196 | D:4      | 3196 ||| DROPPING potion of magic.
  3197 | D:4      | 3197 ||| DROPPING potion of attraction.
  3226 | D:5      | Entered Level 5 of the Dungeon
  3227 | D:5      | 3227 ||| INVOKING Spit Poison.
  3255 | D:5      | 3255 ||| INVOKING Spit Poison.
  3267 | D:5      | 3267 ||| INVOKING Spit Poison.
  3271 | D:5      | Reached XP level 7. HP: 64/64 MP: 7/7
  3272 | D:5      | 3272 ||| INVOKING Spit Poison.
  3309 | D:5      | 3309 ||| INVOKING Spit Poison.
  3311 | D:5      | 3311 ||| Stepping ~*~*~tactically~*~*~ (outnumbered).
  3313 | D:5      | 3313 ||| Stepping ~*~*~tactically~*~*~ (outnumbered).
  3315 | D:5      | 3315 ||| INVOKING Spit Poison.
  3316 | D:5      | 3316 ||| Stepping ~*~*~tactically~*~*~ (outnumbered).
  3325 | D:5      | 3325 ||| INVOKING Spit Poison.
  3330 | D:5      | 3330 ||| INVOKING Spit Poison.
  3354 | D:5      | Found a staircase to the Ecumenical Temple.
  3355 | D:5      | 3355 ||| PLANNING TEMPLE
  3360 | Temple   | Entered the Ecumenical Temple
  3503 | Temple   | 3503 ||| PLANNING D:1-11
  3574 | D:5      | 3574 ||| INVOKING Spit Poison.
  3578 | D:5      | 3578 ||| INVOKING Spit Poison.
  3669 | D:5      | 3669 ||| INVOKING Spit Poison.
  3672 | D:5      | Reached skill level 7 in Ranged Weapons
  3672 | D:5      | 3672 ||| INVOKING Spit Poison.
  3675 | D:5      | 3675 ||| INVOKING Spit Poison.
  3773 | D:5      | 3773 ||| Stepping ~*~*~tactically~*~*~ (outnumbered).
  3774 | D:5      | 3774 ||| INVOKING Spit Poison.
  3777 | D:5      | 3777 ||| INVOKING Spit Poison.
  3783 | D:5      | 3783 ||| INVOKING Spit Poison.
  3788 | D:5      | 3788 ||| INVOKING Spit Poison.
  3846 | D:5      | 3846 ||| INVOKING Spit Poison.
  3868 | D:5      | Reached skill level 1 in Armour
  3910 | D:5      | 3910 ||| INVOKING Spit Poison.
  3913 | D:5      | 3913 ||| INVOKING Spit Poison.
  3975 | D:5      | 3975 ||| INVOKING Spit Poison.
  4000 | D:5      | Reached XP level 8. HP: 70/72 MP: 8/8
  4143 | D:5      | 4143 ||| READING scroll labelled MOAJ REXATEASM.
  4165 | D:6      | HP: 12/72 [centaur/arrow (13)]
  4166 | D:6      | 4166 ||| READING 4 scrolls of teleportation.
  4166 | D:6      | Shot with an arrow by a centaur

Levels and vault maps discovered:
D:1:      beargit_arrival_diablo_church, layout_basic,
          minmay_misc_feat_ornament, glass_columns_a
D:2:      layout_basic, eino_tiny_chamber, minivault_4
D:3:      layout_loops_corners, kennysheep_big_empty_room,
          dreamdust_princess_corridor, uniq_terence
D:4:      nicolae_cairo_tiling, layout_loops_cross, bloody_makhleb,
          minmay_increasing_density
D:5:      layout_loops_cross, minmay_temple_entry_fiery,
          kennysheep_generic_room_11
D:6:      layout_cave_pools, mainiacjoe_overflow_concentric_impassable,
          minmay_misc_feat_iff, st_stairs_3, kennysheep_crisscross,
          uniq_blork_the_orc
Temple:   hellmonk_temple_flake

Skill      XL: |  1  2  3  4  5  6  7 |
---------------+----------------------+-----
Ranged Weapons | 4 5 6 7 |  7.6
Fighting       | 3 4 |  4.1
Dodging        | 2 |  2.1
Armour         | 1 |  1.7
Stealth        | |  1.5

Action                     |  1- 3 |  4- 6 |  7- 9 || total
---------------------------+-------+-------+-------++-------
   Fire: Shortbow          |    69 |    52 |       ||   121
         Arbalest          |       |    32 |    78 ||   110
Ability: Spit Poison       |    25 |    38 |    18 ||    81
    Use: Scroll            |     5 |    13 |     2 ||    20
         Potion            |       |     1 |       ||     1
 Armour: Leather armour    |     6 |    14 |    21 ||    41
  Dodge: Dodged            |     7 |    22 |    48 ||    77

Table legend:
 A = Non-vault XP
 B = Vault XP
 C = Vault XP percentage of total XP
 D = Non-vault monster count
 E = Vault monster count
 F = Vault count percentage of total count
                 A         B        C        D         E       F
            +---------+---------+-------+---------+---------+-------
      Total |     865 |     346 |  28.6 |     103 |       8 |   7.2
            +---------+---------+-------+---------+---------+-------
        D:1 |      36 |       0 |   0.0 |      22 |       0 |   0.0
        D:2 |      47 |       0 |   0.0 |      12 |       0 |   0.0
        D:3 |     152 |      36 |  19.1 |      25 |       1 |   3.8
        D:4 |      78 |     186 |  70.5 |      14 |       6 |  30.0
        D:5 |     552 |     124 |  18.3 |      30 |       1 |   3.2
            +---------+---------+-------+---------+---------+-------
